 Dungeon Crawl Stone Soup version 0.28-a0-1033-g1a2f33fa85 (webtiles) character file.

Game seed: 16077625157432393433

100 mainiacjoe the Ruffian (level 4, 0/42 HPs)
             Began as a Troll Brigand on Dec 8, 2021.
             Slain by an orc wizard (16 damage)
             ... on level 4 of the Dungeon.
             The game lasted 00:03:51 (2108 turns).

mainiacjoe the Ruffian (Troll Brigand)              Turns: 2108, Time: 00:03:52

Health: 0/42       AC:  5    Str: 19    XL:     4   Next: 46%
Magic:  3/3        EV: 10    Int:  7    God:
Gold:   114        SH:  0    Dex: 13    Spells: 3/3 levels left

rFire   . . .      SeeInvis .     - Unarmed
rCold   . . .      Faith    .   (no shield)
rNeg    . . .      Spirit   .   o - +0 robe
rPois   .          Reflect  .   (helmet restricted)
rElec   .          Harm     .   c - +0 cloak
rCorr   .          Rampage  .   (gloves unavailable)
Will    .....                   (boots unavailable)
Stlth   +.........              (no amulet)
HPRegen 0.94/turn               (no ring)
MPRegen 0.08/turn               (no ring)

@: confused
A: large, unfitting armour, claws 3, regeneration 1, shaggy fur 1, tough skin 1
a: no special abilities


You were on level 4 of the Dungeon.
You visited 1 branch of the dungeon, and saw 4 of its levels.

You collected 114 gold pieces.

Inventory:

Hand Weapons
 b - a +0 arbalest
 w - a +2 dagger
Missiles
 a - 5 large rocks
 d - 10 stones (quivered)
 e - 2 curare-tipped darts {=F}
 f - 5 poisoned darts
 g - 55 bolts
 i - 66 sling bullets
 m - 2 boomerangs of dispersal {=F}
 r - 26 arrows
Armour
 c - a +0 cloak (worn)
 o - a +0 robe (worn)
Wands
 q - a wand of flame (23)
Scrolls
 h - a scroll of enchant armour {unknown}
Potions
 j - a potion of berserk rage
 k - a potion of magic
 n - a potion of curing {unknown}
 p - a potion of cancellation {unknown}


   Skills:
 + Level 2.3 Fighting
 - Level 1.5 Short Blades
 - Level 1.7 Throwing
 + Level 1.8 Dodging
 - Level 2.1 Stealth
 * Level 2.9 Unarmed Combat


You had 3 spell levels left.
You didn't know any spells.
Your spell library was empty.

Dungeon Overview and Level Annotations

Branches:
Dungeon (4/15)
 Temple: D:4-7

Altars:
Elyvilon
Zin

Shops:
D:1 (


Innate Abilities, Weirdness & Mutations

You are too large for most types of armour.
You have claws for hands.
Your natural rate of healing is unusually fast.
You are covered in fur. (AC +1)
You have tough skin. (AC +1)


Message History

Something hits you.
You throw a stone. The stone barely misses the orc.
Something hits you but does no damage.
You are electrocuted!
You throw a stone. Something hits you but does no damage.
You throw a stone. The stone hits the orc.
The orc is heavily wounded.
Something hits you.
You throw a stone. The stone hits the orc.
The orc is severely wounded.
Something hits you.
You throw a stone. The stone hits the orc.
The orc is severely wounded.
Something hits you but does no damage.
You throw a stone. Something hits you.
You throw a stone. The stone hits the orc.
The orc is almost dead.
Something hits you but does no damage.
You barely miss something.
You hear some strange, mumbled words.
You are confused.
You barely miss something. Something hits you.
You miss something.
You hear some strange, mumbled words.
A magic dart appears from out of thin air!
The magic dart hits you.
You bump into the rock wall.
You bump into the rock wall.
Something hits you but does no damage.
You bump into the rock wall.
You feel less confused. Something hits you.
You are electrocuted!
You claw something!
You hear some strange, mumbled words.
A magic dart appears from out of thin air!
The magic dart hits you.
You barely miss something.
You hear some strange, mumbled words.
You are confused.
You bump into the rock wall.
Something hits you but does no damage.
You are electrocuted!
You die...

......<##
......).###
#####.....########
###..........##
###.#####...# ###
##..# #.## #.# #@#
#{# #o# #K( #...
#((.# .(... ..(...
...(...


You could see an orc and a kobold.

Vanquished Creatures
  A centaur skeleton (D:3)
  An adder (D:2)
  2 worms
  2 dart slugs
  An orc (D:4)
  4 bats (D:2)
  2 endoplasms
  4 giant cockroaches
  3 goblins
  7 hobgoblins
  3 jackals (D:2)
  5 kobolds
  3 quokkas
  4 ball pythons
  2 frilled lizards (D:1)
  4 rats
48 creatures vanquished.

Notes
Turn   | Place    | Note
-------+----------+-------------------------------------------
     0 | D:1      | mainiacjoe the Troll Brigand began the quest for the Orb.
     0 | D:1      | Reached XP level 1. HP: 19/19 MP: 0/0
   103 | D:1      | Reached skill level 1 in Dodging
   109 | D:1      | Reached skill level 1 in Unarmed Combat
   112 | D:1      | Reached XP level 2. HP: 28/28 MP: 1/1
   135 | D:1      | Found Qoethruo's Weapon Boutique.
   696 | D:2      | Reached XP level 3. HP: 35/35 MP: 2/2
   770 | D:2      | Found a glowing silver altar of Zin.
   976 | D:2      | Found a faded altar of an unknown god.
  1407 | D:3      | Reached XP level 4. HP: 40/42 MP: 3/3
  1920 | D:3      | Found a white marble altar of Elyvilon.
  2108 | D:4      | Slain by an orc wizard

Illustrated notes

Levels and vault maps discovered:
D:1:      eino_arrival_tree_alley, layout_rooms, serial_shops,
          nicolae_shop_bloodbath_and_beyond, hangedman_decor_clover_reticule,
          chequers_avenue
D:2:      layout_basic, hellmonk_ecumenical_altar_inner_sanctum, basic_altar
D:3:      layout_loops_ring, mainiacjoe_overflow_paths, serial_glass,
          glass_columns_a, glass_columns_a, feat_on_display,
          minmay_strange_pillars, minmay_strange_pillars, item_on_display_a
D:4:      layout_layer_cave, uniq_ijyb, uniq_robin

Skill      XL: |  1  2  3 |
---------------+----------+-----
Dodging        | 1 |  1.8
Unarmed Combat | 1 2 |  2.9
Fighting       | 2 |  2.3
Short Blades   | |  1.5
Throwing       | |  1.7
Stealth        | |  2.1

Action                   |  1- 3 |  4- 6 || total
-------------------------+-------+-------++-------
Melee: Unarmed           |    71 |    31 ||   102
 Fire: Arbalest          |     1 |     1 ||     2
Throw: Dart              |    21 |       ||    21
       Stone             |    95 |    37 ||   132
  Use: Scroll            |       |     2 ||     2
 Stab: Sleeping          |       |     1 ||     1
Armor: Robe              |    36 |    14 ||    50
Dodge: Dodged            |    33 |     7 ||    40

Table legend: (Time is in decaauts)
 A = Elapsed time spent in this place.
 B = Non-inter-level travel time spent in this place.
 C = Inter-level travel time spent in this place.
 D = Time resting spent in this place.
 E = Time spent auto-exploring this place.
 F = Levels seen in this place.
 G = Mean time per level.
                   A        B        C        D        E       F      G
               +--------+--------+--------+--------+--------+-----+--------+
         Total |   2099 |   2038 |     61 |      0 |   1653 |   4 |  524.8 |
       Dungeon |   2099 |   2038 |     61 |      0 |   1653 |   4 |  524.8 |
               +--------+--------+--------+--------+--------+-----+--------+

Top non-repeatable levels by time:
     D:2: 784 daAuts
     D:3: 712 daAuts
     D:1: 552 daAuts
     D:4: 49 daAuts
